TOP OF THE 1ST |
---|
Red Deer Wranglers batting - Pitching for Moose Jaw Ghostbusters : RHP Juan Arreola | Pitching: RHP Juan Arreola | | Batting: RHB Julián García | 0-0: Ball 1-0: Swinging Strike 1-1: Foul Ball, location: 2F 1-2: Ball 2-2: Strikes out swinging | Batting: SHB Robbie Rhodes | 0-0: Foul Ball, location: 2F 0-1: Ball 1-1: Ball 2-1: Ball 3-1: Foul Ball, location: 2F 3-2: Base on Balls | Batting: LHB Edgar López | 0-0: Called Strike 0-1: Ball 1-1: SINGLE (Groundball, 34D) Robbie Rhodes to second Runner from 2nd tries for 3rd, SAFE, throw made to third | Batting: RHB Xavier López | Pickoff Throw to First - Error! E1 Robbie Rhodes scores Edgar López to second 0-0: Called Strike 0-1: Fly out, F6 (Line Drive, 6M) | Batting: RHB Pedro Cabrera | 0-0: Foul Ball, location: 2F 0-1: Swinging Strike 0-2: Strikes out looking | Top of the 1st over - 1 run, 1 hit, 1 error, 1 left on base; Red Deer 1 - Moose Jaw 0 | BOTTOM OF THE 1ST |
---|
Moose Jaw Ghostbusters batting - Pitching for Red Deer Wranglers : RHP Luis Costa | Pitching: RHP Luis Costa | | Batting: LHB Darren Holland | 0-0: Ball 1-0: Ball 2-0: Swinging Strike 2-1: Ball 3-1: Called Strike 3-2: Base on Balls | Batting: LHB John Stone | 0-0: Ball 1-0: Ball 2-0: Ball 3-0: Base on Balls Darren Holland to second | Batting: RHB Billy Mullins | 0-0: SINGLE (Flyball, 9LS) Darren Holland to third John Stone to second | Batting: RHB Yasuhiko Sumita | 0-0: Ball 1-0: Foul Ball, location: 2F 1-1: Foul Ball, location: 2F 1-2: Ball 2-2: Strikes out looking | Batting: LHB Jon Scott | 0-0: SINGLE (Groundball, 34D) Darren Holland scores John Stone to third Billy Mullins to second Runner from 3rd tries for Home, SAFE, throw made home | Batting: RHB Aaron Murray | 0-0: Called Strike 0-1: SINGLE (Line Drive, 6D) Billy Mullins to third Jon Scott to second Runner from 3rd tries for Home, SAFE, no throw | Batting: LHB Tony Beck | 0-0: Grounds into double play, 4-6-3 (Groundball, 4) | Bottom of the 1st over - 3 runs, 3 hits, 0 errors, 1 left on base; Red Deer 1 - Moose Jaw 3 | TOP OF THE 2ND |
---|
Red Deer Wranglers batting - Pitching for Moose Jaw Ghostbusters : RHP Juan Arreola | Batting: RHB Joe Lewis | 0-0: Ball 1-0: Called Strike 1-1: SINGLE (Groundball, 56S) (infield hit) | Batting: LHB Francisco Blanco | 0-0: Foul Ball, location: 2F 0-1: Ball 1-1: Foul Ball, location: 2F 1-2: Foul Ball, location: 2F 1-2: Ball 2-2: Ball 3-2: Grounds into double play, 4-6-3 (Groundball, 4) | Batting: RHB Ismael Ortíz | 0-0: Ball 1-0: Ball 2-0: Ball 3-0: Called Strike 3-1: Called Strike 3-2: Ground out 3-1 (Groundball, 34) | Top of the 2nd over - 0 runs, 1 hit, 0 errors, 0 left on base; Red Deer 1 - Moose Jaw 3 | BOTTOM OF THE 2ND |
---|
Moose Jaw Ghostbusters batting - Pitching for Red Deer Wranglers : RHP Luis Costa | Batting: RHB Bob Cole | 0-0: Called Strike 0-1: Foul Ball, location: 2F 0-2: Foul Ball, location: 2F 0-2: Foul Ball, location: 2F 0-2: SINGLE (Groundball, 34D) | Batting: RHB Johnny MacNamara | 0-0: Ball 1-0: Ball 2-0: Foul Ball, location: 2F 2-1: Fly out, F9 (Flyball, 9LM) | Batting: LHB Darren Holland | 0-0: Called Strike 0-1: Ball 1-1: Ball Bob Cole steals 2nd base 2-1: Ball 3-1: Base on Balls | Batting: LHB John Stone | 0-0: Called Strike 0-1: Ball 1-1: Fielders Choice at 2nd, 5-4 (Groundball, 5) Bob Cole to third | Batting: RHB Billy Mullins | 0-0: Ball 1-0: Ball 2-0: Swinging Strike 2-1: SINGLE (Groundball, 56S) (infield hit) Bob Cole scores John Stone to second | Batting: RHB Yasuhiko Sumita | 0-0: Ball 1-0: Ball 2-0: Ball 3-0: Called Strike 3-1: Base on Balls John Stone to third Billy Mullins to second | Batting: LHB Jon Scott | 0-0: Called Strike 0-1: Swinging Strike 0-2: Ball 1-2: Strikes out swinging | Bottom of the 2nd over - 1 run, 2 hits, 0 errors, 3 left on base; Red Deer 1 - Moose Jaw 4 | TOP OF THE 3RD |
---|
Red Deer Wranglers batting - Pitching for Moose Jaw Ghostbusters : RHP Juan Arreola | Batting: LHB Héctor Santos | 0-0: Ball 1-0: SINGLE (Line Drive, 8RM) | Batting: RHB Julián García | 0-0: Called Strike 0-1: SINGLE (Groundball, 56S) (infield hit) Héctor Santos to second | Batting: SHB Robbie Rhodes | 0-0: Called Strike 0-1: Swinging Strike 0-2: Ball 1-2: Foul Ball, location: 2F 1-2: Fielders Choice at 2nd, 4-6 (Groundball, 4) Héctor Santos to third | Batting: LHB Edgar López | 0-0: SINGLE (Line Drive, 34D) Héctor Santos scores Robbie Rhodes to second Throwing error, E9 Robbie Rhodes scores Edgar López to second | Batting: RHB Xavier López | 0-0: Called Strike 0-1: Ball 1-1: Foul Ball, location: 2F 1-2: Ground out 6-3 (Groundball, 6) | Batting: RHB Pedro Cabrera | 0-0: Ball 1-0: Ball 2-0: Fly out, F9 (Flyball, 9D) | Top of the 3rd over - 2 runs, 3 hits, 1 error, 1 left on base; Red Deer 3 - Moose Jaw 4 | BOTTOM OF THE 3RD |
---|
Moose Jaw Ghostbusters batting - Pitching for Red Deer Wranglers : RHP Luis Costa | Batting: RHB Aaron Murray | 0-0: Ball 1-0: Ball 2-0: Swinging Strike 2-1: Foul Ball, location: 2F 2-2: Ball 3-2: Base on Balls | Batting: LHB Tony Beck | 0-0: Ball 1-0: Called Strike 1-1: Called Strike 1-2: Ball 2-2: SINGLE (Groundball, 3D) Aaron Murray to second Runner from 2nd tries for 3rd, SAFE, no throw | Batting: RHB Bob Cole | 0-0: Grounds into double play, 4-6-3 (Groundball, 4) Aaron Murray scores | Batting: RHB Johnny MacNamara | 0-0: Fly out, F5 (Popup, 5SF) | Bottom of the 3rd over - 1 run, 1 hit, 0 errors, 0 left on base; Red Deer 3 - Moose Jaw 5 | TOP OF THE 4TH |
---|
Red Deer Wranglers batting - Pitching for Moose Jaw Ghostbusters : RHP Juan Arreola | Batting: RHB Joe Lewis | 0-0: Called Strike 0-1: Ground out U3 (Groundball, 34S) | Batting: LHB Francisco Blanco | 0-0: Ball 1-0: Ball 2-0: Ground out 4-3 (Groundball, 4) | Batting: RHB Ismael Ortíz | 0-0: Ball 1-0: Called Strike 1-1: Ball 2-1: Ball 3-1: Foul Ball, location: 2F 3-2: Fly out, F6 (Line Drive, 56D) | Top of the 4th over - 0 runs, 0 hits, 0 errors, 0 left on base; Red Deer 3 - Moose Jaw 5 | BOTTOM OF THE 4TH |
---|
Moose Jaw Ghostbusters batting - Pitching for Red Deer Wranglers : RHP Luis Costa | Batting: LHB Darren Holland | 0-0: Ball 1-0: Swinging Strike 1-1: Ball 2-1: Ball 3-1: Base on Balls | Batting: LHB John Stone | 0-0: Ball Darren Holland is caught stealing 2nd base 1-0: Called Strike 1-1: Bunt for hit - play at first, batter safe! | Batting: RHB Billy Mullins | 0-0: Called Strike Throwing error on steal attempt, E2 John Stone to third 0-1: Ball 1-1: Swinging Strike 1-2: Fly out, F9 (Flyball, 9LMF) Runner from 3rd tags up, SCORES, no throw | Batting: RHB Yasuhiko Sumita | 0-0: Ball 1-0: Called Strike 1-1: Ground out 6-3 (Groundball, 6) | Bottom of the 4th over - 1 run, 1 hit, 1 error, 0 left on base; Red Deer 3 - Moose Jaw 6 | TOP OF THE 5TH |
---|
Red Deer Wranglers batting - Pitching for Moose Jaw Ghostbusters : RHP Juan Arreola | Batting: LHB Héctor Santos | 0-0: Ball 1-0: Called Strike 1-1: Swinging Strike 1-2: Ball 2-2: Ball 3-2: Strikes out swinging | Batting: RHB Julián García | 0-0: Ground out 5-3 (Groundball, 5) | Batting: SHB Robbie Rhodes | 0-0: Called Strike 0-1: Ball 1-1: Fly out, F5 (Popup, 6S) | Top of the 5th over - 0 runs, 0 hits, 0 errors, 0 left on base; Red Deer 3 - Moose Jaw 6 | BOTTOM OF THE 5TH |
---|
Moose Jaw Ghostbusters batting - Pitching for Red Deer Wranglers : RHP Luis Costa | Batting: LHB Jon Scott | 0-0: Called Strike 0-1: Swinging Strike 0-2: Ball 1-2: Strikes out looking | Batting: RHB Aaron Murray | 0-0: Foul Ball, location: 2F 0-1: Ball 1-1: Swinging Strike 1-2: Ball 2-2: Ball 3-2: Base on Balls | Pitching: RHP Alex Phillips | | Batting: LHB Tony Beck | 0-0: Ball 1-0: Ground out 4-3 (Groundball, 4) Aaron Murray to second | Batting: RHB Bob Cole | 0-0: Ball 1-0: Called Strike 1-1: Called Strike 1-2: Foul Ball, location: 2F 1-2: Ball 2-2: Ball 3-2: Ground out 6-3 (Groundball, 6M) | Bottom of the 5th over - 0 runs, 0 hits, 0 errors, 1 left on base; Red Deer 3 - Moose Jaw 6 | TOP OF THE 6TH |
---|
Red Deer Wranglers batting - Pitching for Moose Jaw Ghostbusters : RHP Juan Arreola | Batting: LHB Edgar López | 0-0: Foul Ball, location: 2F 0-1: Ball 1-1: Ball 2-1: Ball 3-1: Ground out 4-3 (Groundball, 4M) | Batting: RHB Xavier López | 0-0: Called Strike 0-1: Swinging Strike 0-2: Ball 1-2: Ball 2-2: Ball 3-2: Strikes out swinging | Batting: RHB Pedro Cabrera | 0-0: Ball 1-0: Called Strike 1-1: Swinging Strike 1-2: Strikes out swinging | Top of the 6th over - 0 runs, 0 hits, 0 errors, 0 left on base; Red Deer 3 - Moose Jaw 6 | BOTTOM OF THE 6TH |
---|
Moose Jaw Ghostbusters batting - Pitching for Red Deer Wranglers : RHP Alex Phillips | Batting: RHB Johnny MacNamara | 0-0: Ball 1-0: Ball 2-0: Ball 3-0: Called Strike 3-1: Base on Balls | Batting: LHB Darren Holland | 0-0: Called Strike 0-1: Ball 1-1: Ball 2-1: Ball 3-1: Base on Balls Johnny MacNamara to second | Batting: LHB John Stone | 0-0: Ball 1-0: Called Strike 1-1: Ball 2-1: Ball 3-1: Base on Balls Johnny MacNamara to third Darren Holland to second | Batting: RHB Billy Mullins | 0-0: Called Strike 0-1: Ball 1-1: Ball Error on foul ball, E9 2-2: Ball 3-2: Base on Balls Johnny MacNamara scores Darren Holland to third John Stone to second | Batting: RHB Yasuhiko Sumita | 0-0: SINGLE (Groundball, 6MD) Darren Holland scores John Stone to third Billy Mullins to second Throwing error, E8 John Stone scores Billy Mullins to third Yasuhiko Sumita to second | Batting: LHB Jon Scott | 0-0: Called Strike 0-1: SINGLE (Line Drive, 78M) Billy Mullins scores Yasuhiko Sumita to third | Batting: RHB Aaron Murray | 0-0: SINGLE (Groundball, 15S) (infield hit) Jon Scott to second | Batting: LHB Tony Beck | 0-0: Ball 1-0: Foul Ball, location: 2F 1-1: Foul Ball, location: 2F 1-2: Fly out, F9 (Line Drive, 9) | Batting: RHB Bob Cole | 0-0: Ball 1-0: Called Strike 1-1: Ball 2-1: Called Strike 2-2: Foul Ball, location: 2F 2-2: Grounds into fielders choice 1-2 (Groundball, P) Jon Scott to third Aaron Murray to second | Batting: RHB Johnny MacNamara | 0-0: Ball 1-0: Ball 2-0: Called Strike 2-1: Swinging Strike 2-2: Ball 3-2: Base on Balls Jon Scott scores Aaron Murray to third Bob Cole to second | Batting: LHB Darren Holland | 0-0: Ball 1-0: Ball 2-0: Swinging Strike 2-1: Ball 3-1: Ground out 4-3 (Groundball, 4) | Bottom of the 6th over - 5 runs, 3 hits, 2 errors, 3 left on base; Red Deer 3 - Moose Jaw 11 | TOP OF THE 7TH |
---|
Red Deer Wranglers batting - Pitching for Moose Jaw Ghostbusters : RHP Juan Arreola | Batting: RHB Joe Lewis | 0-0: Ball 1-0: Ball 2-0: Foul Ball, location: 2F 2-1: Foul Ball, location: 2F 2-2: Ball 3-2: Foul Ball, location: 2F 3-2: Foul Ball, location: 2F 3-2: Fly out, F9 (Flyball, 89S) | Pitching: LHP Teuk-chin Kim | | Batting: LHB Francisco Blanco | 0-0: Swinging Strike 0-1: Foul Ball, location: 2F 0-2: Ball 1-2: Foul Ball, location: 2F 1-2: SOLO HOME RUN (Flyball, 7LD), Distance : 342 ft | Batting: RHB Ismael Ortíz | 0-0: Ball 1-0: Ball 2-0: Ball 3-0: Base on Balls | Batting: LHB Héctor Santos | 0-0: Foul Ball, location: 2F 0-1: Ball 1-1: Fielders Choice at 2nd, 4-6 (Groundball, 4) | Batting: RHB Julián García | 0-0: Called Strike 0-1: SINGLE (Groundball, 4MD) Héctor Santos to second | Batting: SHB Robbie Rhodes | 0-0: Ball 1-0: Fly out, F9 (Flyball, 89M) | Top of the 7th over - 1 run, 2 hits, 0 errors, 2 left on base; Red Deer 4 - Moose Jaw 11 | BOTTOM OF THE 7TH |
---|
Moose Jaw Ghostbusters batting - Pitching for Red Deer Wranglers : RHP Alex Phillips | Batting: LHB John Stone | 0-0: Called Strike 0-1: Swinging Strike 0-2: Ball 1-2: SINGLE (Groundball, 56D) | Batting: RHB Billy Mullins | 0-0: Called Strike John Stone steals 2nd base 0-1: Ball 1-1: SINGLE (Groundball, 5D) John Stone to third Runner from 3rd tries for Home, SAFE, no throw | Pitching: LHP Macy Catron | | Batting: RHB Yasuhiko Sumita | 0-0: Ball 1-0: Foul Ball, location: 2F 1-1: Swinging Strike 1-2: Ball 2-2: Foul Ball, location: 2F 2-2: Foul Ball, location: 2F 2-2: Foul Ball, location: 2F 2-2: Ball 3-2: Foul Ball, location: 2F 3-2: Base on Balls Billy Mullins to second | Batting: LHB Jon Scott | 0-0: Called Strike 0-1: 3-RUN HOME RUN (Flyball, 9D), Distance : 354 ft | Batting: RHB Aaron Murray | 0-0: Ball 1-0: Ball 2-0: Called Strike 2-1: Ball 3-1: SINGLE (Flyball, 9LS) | Batting: LHB Tony Beck | 0-0: Ball 1-0: Fly out, F4 (Popup, 4M) | Batting: RHB Bob Cole | 0-0: Called Strike 0-1: Foul Ball, location: 2F 0-2: Ball 1-2: Ball 2-2: Strikes out swinging | Batting: RHB Johnny MacNamara | 0-0: Ground out 1-3 (Groundball, 15) | Bottom of the 7th over - 4 runs, 4 hits, 0 errors, 1 left on base; Red Deer 4 - Moose Jaw 15 | TOP OF THE 8TH |
---|
Red Deer Wranglers batting - Pitching for Moose Jaw Ghostbusters : LHP Teuk-chin Kim | Batting: LHB Edgar López | 0-0: Ball 1-0: Foul Ball, location: 2F 1-1: Foul Ball, location: 2F 1-2: SINGLE (Groundball, 4) (infield hit) | Batting: RHB Xavier López | 0-0: Fly out, F7 (Line Drive, 78D) | Batting: RHB Pedro Cabrera | 0-0: Called Strike 0-1: Ball 1-1: Foul Ball, location: 2F 1-2: Strikes out looking | Batting: RHB Joe Lewis | 0-0: Called Strike 0-1: SINGLE (Groundball, 6MD) Edgar López to second Runner from 2nd tries for 3rd, OUT! | Top of the 8th over - 0 runs, 2 hits, 0 errors, 1 left on base; Red Deer 4 - Moose Jaw 15 | BOTTOM OF THE 8TH |
---|
Moose Jaw Ghostbusters batting - Pitching for Red Deer Wranglers : LHP Macy Catron | Batting: LHB Darren Holland | 0-0: Foul Ball, location: 2F 0-1: DOUBLE (Line Drive, 7LM) | Batting: LHB John Stone | 0-0: Ball 1-0: Foul Ball, location: 2F 1-1: Ball 2-1: Ball 3-1: Foul Ball, location: 2F 3-2: Fly out, F8 (Flyball, 8LD) | Batting: RHB Billy Mullins | 0-0: Foul Ball, location: 2F 0-1: Ball Throwing error on steal attempt, E2 Darren Holland scores 1-1: Foul Ball, location: 2F 1-2: Reached on error, E6 (Groundball, 6) | Batting: RHB Yasuhiko Sumita | 0-0: Ball 1-0: Swinging Strike 1-1: Called Strike 1-2: Strikes out swinging | Pinch Hitting: RHB Henry Barker | 0-0: Ball 1-0: Ball 2-0: Ball 3-0: Called Strike 3-1: SINGLE (Groundball, 34D) Billy Mullins to third Runner from 3rd tries for Home, throw and OUT! | Bottom of the 8th over - 1 run, 2 hits, 2 errors, 1 left on base; Red Deer 4 - Moose Jaw 16 | TOP OF THE 9TH |
---|
Red Deer Wranglers batting - Pitching for Moose Jaw Ghostbusters : LHP Teuk-chin Kim | Now in LF: Jon Rogers | | Batting: LHB Francisco Blanco | 0-0: Called Strike 0-1: SINGLE (Line Drive, 34D) | Batting: RHB Ismael Ortíz | 0-0: Ball 1-0: Fly out, F7 (Line Drive, 78D) | Batting: LHB Héctor Santos | 0-0: Ball 1-0: Ball 2-0: Ball 3-0: Base on Balls Francisco Blanco to second | Batting: RHB Julián García | 0-0: Called Strike 0-1: Ball 1-1: Ball 2-1: Foul Ball, location: 2F 2-2: SINGLE (Groundball, 6MD) Francisco Blanco to third Héctor Santos to second | Batting: SHB Robbie Rhodes | 0-0: Ball 1-0: Ball 2-0: Grounds into double play, 6-4-3 (Groundball, 6) | Top of the 9th over - 0 runs, 2 hits, 0 errors, 2 left on base; Red Deer 4 - Moose Jaw 16 | |